 Seeded DCSS version 0.28-a0-1567-g1695149f81 (webtiles) character file.

Game seed: 281 (custom seed)

1975 knot the Cleaver (level 9, 63/63 HPs)
             Began as a Demonspawn Berserker on Jan 20, 2022.
             Was a Priest of Trog.
             Quit the game on level 6 of the Dungeon.
             The game lasted 00:07:36 (7130 turns).

knot the Cleaver (Demonspawn Berserker)             Turns: 7130, Time: 00:07:36

Health: 63/63      AC: 11    Str: 21    XL:     9   Next: 0%
Magic:  9/9        EV: 11    Int: 13    God:    Trog [***...]
Gold:   201        SH:  0    Dex: 13    Spells: 8/8 levels left

rFire   + . .      SeeInvis .   j - +3 hunting sling of Famine {vorpal, Fly rPois rF+ Str+4}
rCold   . . .      Faith    .   (no shield)
rNeg    . . .      Spirit   .   r - +0 scale mail
rPois   +          Reflect  .   F - +2 hat
rElec   .          Harm     .   n - +0 cloak
rCorr   .          Rampage  .   k - +0 pair of gloves
Will    .....                   v - +0 pair of boots
Stlth   +.........              q - amulet of magic regeneration
HPRegen 0.20/turn               (no ring)
MPRegen 0.62/turn               (no ring)

@: flying
A: spiny 1, magic regeneration, sturdy frame 2, weakness stinger 1
a: Renounce Religion, Berserk, Trog's Hand


You were on level 6 of the Dungeon.
You worshipped Trog.
Trog was most pleased with you.
You visited 1 branch of the dungeon, and saw 6 of its levels.

You collected 201 gold pieces.

Inventory:

Hand Weapons
 a - a +0 hand axe
 j - the +3 hunting sling of Famine (weapon) {vorpal, Fly rPois rF+ Str+4}
   (You found it on level 2 of the Dungeon)

   Any ammunition fired from it inflicts extra damage upon your enemies.
   Str:       It affects your strength (+4).
   rF:        It protects you from fire.
   rPois:     It protects you from poison.
   Fly:       It grants you flight.
Missiles
 d - 366 stones
 e - 16 sling bullets (quivered ammo)
 w - 6 boomerangs
 z - 10 poisoned darts
Armour
 b - a +0 animal skin
 k - a +0 pair of gloves (worn)
 n - a +0 cloak (worn)
 r - a +0 scale mail (worn)
 v - a +0 pair of boots (worn)
 F - a +2 hat (worn)
Jewellery
 q - an amulet of magic regeneration (around neck)
 D - a ring of fire
Wands
 s - a wand of digging (5)
Scrolls
 c - 3 scrolls of magic mapping {unknown}
 i - a scroll of fear {unknown}
 l - 3 scrolls of teleportation {unknown}
 p - 6 scrolls of identify {unknown}
 u - a scroll of enchant armour {unknown}
 y - a scroll of amnesia {unknown}
 A - a scroll of vulnerability {unknown}
 E - a scroll of fog {unknown}
Potions
 f - 3 potions of curing {unknown}
 g - a potion of cancellation {unknown}
 h - 2 potions of brilliance {unknown}
 m - a potion of invisibility {unknown}
 o - 2 potions of berserk rage {unknown}
 t - 2 potions of mutation {unknown}
 x - a potion of haste {unknown}
 B - 2 potions of attraction {unknown}
 C - a potion of magic {unknown}


   Skills:
 - Level 3.0 Fighting
 * Level 8.4 Axes
 * Level 7.1 Throwing
 - Level 1.7 Armour
 - Level 1.7 Dodging


You had 8 spell levels left.
You didn't know any spells.
Your spell library contained the following spells:

 Spells                   Type           Power      Damage    Failure   Level
 Shock                    Conj/Air       0%         1d3       41%         1
 Sting                    Tmut/Pois      0%         1d3       41%         1
 Poisonous Vapours        Pois/Air       0%         N/A       54%         2
 Swiftness                Air            0%         N/A       78%         3
 Airstrike                Air            0%         N/A       99%         4
 Olgreb's Toxic Radiance  Pois           0%         N/A       99%         4


Dungeon Overview and Level Annotations

Branches:
Dungeon (6/15)             Temple (0/1) D:6

Altars:
Makhleb
Yredelemnul

Shops:
D:5 [

Portals:
Abyss: D:6

Annotations:
D:6 2 transporters, Zonian's ghost, novice DjIE


Innate Abilities, Weirdness & Mutations

You are partially covered in sharp spines.
You regenerate magic rapidly.
Your movements are less encumbered by armour. (ER -4)
You have a small tail.


Message History

Found a stone staircase leading down.
The crimson imp shouts!
A scorpion comes into view.
You shoot a sling bullet. The sling bullet hits the scorpion.
The scorpion is lightly wounded.
You shoot a sling bullet.
The sling bullet completely misses the scorpion.
You shoot a sling bullet. The sling bullet hits the scorpion.
The scorpion is moderately wounded.
You shoot a sling bullet. The sling bullet hits the scorpion!
The scorpion is severely wounded.
You shoot a sling bullet. The sling bullet hits the scorpion!
You kill the scorpion!
Trog accepts your kill.
No target in view!
No target in view!
No target in view!
You see here a scorpion corpse.
e - 16 sling bullets (gained 1)
e - 17 sling bullets (gained 1)
Found a robe.
e - 18 sling bullets (gained 1)
e - 19 sling bullets (gained 1)
You see here a +0 robe.
A bullfrog comes into view.
The bullfrog croaks.
You shoot a sling bullet. The sling bullet hits the bullfrog.
The bullfrog is moderately wounded.
You shoot a sling bullet. The sling bullet hits the bullfrog!
The bullfrog is almost dead.
You shoot a sling bullet. The sling bullet hits the bullfrog!
You kill the bullfrog!
Trog accepts your kill.
You have reached level 9!
Your experience leads to an increase in your attributes!
Your base attributes are Str 17, Int 11, Dex 13.
Increase (S)trength, (I)ntelligence, or (D)exterity?
You feel clever. x2; Your demonic ancestry asserts itself...
Sharp spines emerge from parts of your body.
Are you sure you want to abandon this character and quit the game? (Confirm with "yes".)

.#.#################
.#.# #......†......#
.#.# #.###########.#
##.# #.# ..#.# ...#
#.# #.#.# #### #.#
#.#.# #.# #.#.# #.#
#.####.#[# #.#
#((.†.@#.# #.#
..........# #.#
########### #.#
######.# .......#
########


There were no monsters in sight!

Vanquished Creatures
  2 water moccasins (D:6)
  An ice beast (D:5)
  2 sky beasts (D:6)
  2 ogres
  A necrophage (D:6)
  2 kobold brigands (D:4)
  3 bullfrogs (D:6)
  4 scorpions
  A bullfrog zombie (D:6)
  A centaur zombie (D:6)
  An orc priest (D:4)
  4 hounds
  Jessica (D:3)
  3 iguanas
  Terence (D:3)
  Natasha (D:2)
  2 orc wizards (D:4)
  A hound zombie (D:5)
  A hound skeleton (D:4)
  A howler monkey zombie (D:5)
  4 gnolls
  9 adders
  An ufetubus (D:5)
  An adder skeleton (D:4)
  2 worms
  3 dart slugs
  6 orcs
  4 ball pythons
  5 bats
  3 endoplasms
  4 giant cockroaches
  9 goblins
  5 hobgoblins
  3 jackals (D:1)
  19 kobolds
  4 quokkas
  4 frilled lizards
  7 rats
128 creatures vanquished.

Vanquished Creatures (others)
  6 plants
6 creatures vanquished.

Grand Total: 134 creatures vanquished

Notes
Turn   | Place    | Note
-------+----------+-------------------------------------------
     0 | D:1      | knot the Demonspawn Berserker began the quest for the Orb.
     0 | D:1      | Reached XP level 1. HP: 18/18 MP: 1/1
    66 | D:1      | Reached skill level 3 in Axes
   275 | D:1      | Gained mutation: Your movements are slightly less
                  | encumbered by armour. (ER -2) [demonic ancestry]
   275 | D:1      | Reached XP level 2. HP: 24/24 MP: 2/2
   804 | D:1      | Reached XP level 3. HP: 28/29 MP: 3/3
   954 | D:1      | Found a faded altar of an unknown god.
  1003 | D:1      | Reached skill level 4 in Axes
  1535 | D:2      | Identified the +3 hunting sling of Famine {vorpal, Fly
                  | rPois rF+ Str+4}
  1940 | D:2      | Reached ** piety under Trog
  1941 | D:2      | Reached XP level 4. HP: 35/35 MP: 4/4
  2051 | D:2      | Reached skill level 1 in Throwing
  2275 | D:2      | Noticed Natasha
  2288 | D:2      | Killed Natasha
  2747 | D:3      | Noticed Terence
  2753 | D:3      | Killed Terence
  2754 | D:3      | Gained mutation: You regenerate magic rapidly. [demonic
                  | ancestry]
  2754 | D:3      | Reached XP level 5. HP: 41/41 MP: 5/5
  2905 | D:3      | Noticed Jessica
  2906 | D:3      | Killed Jessica
  2907 | D:3      | Reached skill level 5 in Axes
  3306 | D:4      | Found a burning altar of Makhleb.
  3323 | D:4      | Noticed an ogre
  3334 | D:4      | Killed an ogre
  3335 | D:4      | Gained mutation: You have a small tail. [demonic ancestry]
  3335 | D:4      | Reached XP level 6. HP: 47/47 MP: 6/6
  3930 | D:4      | Reached skill level 6 in Axes
  3930 | D:4      | Reached XP level 7. HP: 28/52 MP: 7/7
  4347 | D:5      | Entered Level 5 of the Dungeon
  4941 | D:5      | Reached *** piety under Trog
  5227 | D:5      | Found Susonih's Antique Armour Shop.
  5401 | D:5      | Reached skill level 5 in Throwing
  5738 | D:5      | Reached skill level 7 in Axes
  5738 | D:5      | Gained mutation: Your movements are less encumbered by
                  | armour. (ER -4) [demonic ancestry]
  5738 | D:5      | Reached XP level 8. HP: 58/58 MP: 8/8
  6310 | D:6      | Found a transporter.
  6546 | D:6      | Reached skill level 8 in Axes
  6621 | D:6      | Found a staircase to the Ecumenical Temple.
  6723 | D:6      | Found a basalt altar of Yredelemnul.
  6784 | D:6      | Found a transporter.
  6897 | D:6      | Noticed Zonian's ghost (novice DjIE)
  6902 | D:6      | Noticed a toenail golem
  6910 | D:6      | Found a one-way gate to the infinite horrors of the Abyss.
  7011 | D:6      | Noticed a toenail golem
  7130 | D:6      | Gained mutation: You are partially covered in sharp spines.
                  | [demonic ancestry]
  7130 | D:6      | Reached XP level 9. HP: 63/63 MP: 9/9
  7130 | D:6      | Quit the game

Illustrated notes

Levels and vault maps discovered:
D:1:      dpeg_arrival_morbid_curiosity, layout_basic,
          hellmonk_ecumenical_altar_heavens_door, minmay_pentomino_r4
D:2:      layout_basic, minmay_hedge_maze, corexii_shack, nrook_uturn,
          uniq_natasha
D:3:      layout_loops_ring, moated_statue, uniq_jessica, uniq_terence
D:4:      cheibrodos_thug_alley, layout_gridville, mainiacjoe_overflow_brackets,
          kennysheep_path_1
D:5:      layout_loops_ring, serial_shops, nicolae_shop_overgrown_old_shop
D:6:      layout_basic, mainiacjoe_overflow_boulevard, temple_green,
          gammafunk_ghost_abyssal_escape

Skill      XL: |  1  2  3  4  5  6  7  8 |
---------------+-------------------------+-----
Axes           | 3 4 5 6 7 8 |  8.4
Throwing       | 2 3 4 5 7 |  7.1
Fighting       | |  3.0
Armour         | |  1.7
Dodging        | |  1.7

Action                   |  1- 3 |  4- 6 |  7- 9 || total
-------------------------+-------+-------+-------++-------
Melee: Hand axe          |    84 |    68 |   131 ||   283
       Punch             |     1 |       |     2 ||     3
       Tailslap          |       |     8 |    15 ||    23
 Fire: Hunting sling     |    20 |    53 |    89 ||   162
Invok: Berserk           |     2 |     5 |     7 ||    14
       Trog's Hand       |       |     1 |       ||     1
 Stab: Distracted        |     1 |       |       ||     1
       Sleeping          |       |     1 |       ||     1
Armor: Animal skin       |    12 |    26 |    31 ||    69
       Scale mail        |       |       |    26 ||    26
Dodge: Dodged            |    57 |    47 |    86 ||   190

Table legend: (Time is in decaauts)
 A = Elapsed time spent in this place.
 B = Non-inter-level travel time spent in this place.
 C = Inter-level travel time spent in this place.
 D = Time resting spent in this place.
 E = Time spent auto-exploring this place.
 F = Levels seen in this place.
 G = Mean time per level.
                   A        B        C        D        E       F      G
               +--------+--------+--------+--------+--------+-----+--------+
         Total |   7297 |   7055 |    242 |   1764 |   4368 |   6 | 1216.2 |
       Dungeon |   7297 |   7055 |    242 |   1764 |   4368 |   6 | 1216.2 |
               +--------+--------+--------+--------+--------+-----+--------+

Top non-repeatable levels by time:
     D:5: 1652 daAuts
     D:1: 1544 daAuts
     D:2: 1232 daAuts
     D:4: 1164 daAuts
     D:6: 1125 daAuts
     D:3: 578 daAuts
